 Dungeon Crawl Stone Soup version 0.31-a0-986-g5e6e4ef867 (webtiles) character file.

Game seed: 11490668643421865010

904 RepHenryClay the Digger (level 7, -1/36 HPs)
             Began as a Deep Elf Earth Elementalist on Nov 23, 2023.
             Slain by a phantom (6 damage)
             ... on level 5 of the Dungeon.
             The game lasted 00:06:53 (3721 turns).

RepHenryClay the Digger (DEEE)                      Turns: 3721, Time: 00:06:53

Health: -1/36      AC:  2    Str:  5    XL:     7   Next: 80%
Magic:  3/13       EV: 14    Int: 22    God:
Gold:   149        SH:  0    Dex: 15    Spells: 8/12 levels left

rFire   . . .        d - +2 dagger (venom)
rCold   . . .        (no shield)
rNeg    . . .        a - +0 robe
rPois   .            (no helmet)
rElec   .            i - scarf {+Inv}
rCorr   .            (no gloves)
SInv    .            (no boots)
Will    .....        (no amulet)
Stlth   ++           (no ring)
HPRegen 0.26/turn    (no ring)
MPRegen 0.13/turn

%: no passive effects
@: mighty
A: no striking features
a: Evoke Invisibility


You were on level 5 of the Dungeon.
You visited 1 branch of the dungeon, and saw 5 of its levels.

You collected 149 gold pieces.

Inventory:

Hand Weapons
 d - a +2 dagger of venom (weapon)
Armour
 a - a +0 robe (worn)
 h - a +1 buckler
 i - a scarf of invisibility (worn)
Magical Staves
 g - a staff of fire
Wands
 k - a wand of flame (20)
Scrolls
 o - a scroll of enchant weapon
 p - a scroll of revelation
 r - 2 scrolls of identify {unknown}
 s - a scroll of poison {unknown}
 t - a scroll of teleportation
Potions
 b - a potion of magic
 c - a potion of degeneration {unknown}
 e - a potion of might
 f - a potion of mutation {unknown}
 j - a potion of lignification
 l - a potion of enlightenment {unknown}
 m - a potion of haste {unknown}
 n - 2 potions of brilliance {unknown}
 q - 2 potions of berserk rage {unknown}


   Skills:
 - Level 6.0 Dodging
 - Level 2.4 Stealth
 - Level 3.0 Spellcasting
 + Level 2.1 Conjurations
 - Level 5.0 Transmutations
 - Level 7.0 Earth Magic


You had 8 spell levels left.
You knew the following spells:

 Your Spells              Type           Power      Damage    Failure   Level
a - Sandblast             Erth           68%        2d15      1%          1
b - Stone Arrow           Conj/Erth      46%        3d9       6%          3

Your spell library contained the following spells:

 Spells                   Type           Power      Damage    Failure   Level
 Passwall                 Tmut/Erth      24%        N/A       1%          2
 Petrify                  Tmut/Erth      29%        N/A       11%         4
 Brom's Barrelling Bould  Conj/Erth      23%        2d4       19%         4


Dungeon Overview and Level Annotations

Branches:
Dungeon (5/15)
 Temple: D:4-7

Altars:
Nemelex Xobeh

Annotations:
D:3 Ijyb
D:4 1 runed translucent door, Crazy Yiuf


Message History

The phantom barely misses you. The sleepcap closely misses you.
The sleepcap barely misses you. The phantom completely misses you.
The phantom barely misses you. The orc hits you with a +0 club.
The iguana bites you. The sleepcap releases spores at you.
You are engulfed in a cloud of soporific spores!
You fall asleep.
You stop ascending the stairs.
The phantom hits you!
You wake up.
The orc barely misses you. The iguana bites you.
* * * LOW HITPOINT WARNING * * *
The sleepcap releases spores at you.
* * * LOW HITPOINT WARNING * * *
You are engulfed in a cloud of soporific spores!
You are unaffected.
Huge Dmg: -58%(-21hp) hp: 37%(13hp) Welcome back, RepHenryClay the Deep Elf Earth Elementalist.
Press ? for a list of commands and other information.
As you read the scroll labelled EKOBLO YJIWA, it crumbles to dust.
It is a scroll of enchant weapon.
Your +1 dagger of venom glows red for a moment.
The phantom closely misses you. The iguana completely misses you.
The orc hits you but does no damage. The sleepcap barely misses you.
As you read the scroll labelled WAIRPH DUYLOEGIG, it crumbles to dust.
You feel aware of your surroundings.
You sensed 3 altars, and 1 shop/portal.
It was a scroll of revelation.
The phantom barely misses you. The orc hits you with a +0 club.
* * * LOW HITPOINT WARNING * * *
The iguana barely misses you. The sleepcap releases spores at you!
* * * LOW HITPOINT WARNING * * *
You are engulfed in a cloud of soporific spores!
You are unaffected.
Found 10 gold pieces.
Found a stone staircase leading up.
Huge Dmg: -23%(-8hp) hp: 14%(5hp) Welcome back, RepHenryClay the Deep Elf Earth Elementalist.
Press ? for a list of commands and other information.
Okay, then.
It was a potion of might.
You feel very mighty all of a sudden. The phantom hits you.
You die...

,* *,,,,,,,,,,* *,**,*** *,,,,, ,*
*,,,,.#########....##** *,**** **
**,,,.$...........$..,* *,,,,,
*,,,.############...,********
*,,,..<#.........#..,,,,,,,,,
*****,,,.####.###.......,*******,
***,,,,,,,.####.#.........,,,,,,,*,
,,,,,,,,,*#####.#.......!.,,,,,*,*,
,,,,,,,,,*##...hl@..##.#.*,,,,,,,*,
***,,,,,,*##....Wfo....#.***,,,,,,,
,,*,******##....†h...#.#.,,,,,,,,*,
∩,*,******#####.##)#.#.#.,,,,***,,,
,,*,**,,,,.........###.##*,,,,,,,**
>,*,**,,,,........#.##.##,*,*,,,,,*
,,*,**,,,,........##.....**,*****,*
***,**,,,,........###...#**,* *,*
,,,***,,,,,,,,,.h.**,,,,,**,* ***,*


You could see a phantom, a sleepcap, an iguana, an orc and 2 jackals.

Vanquished Creatures
  Eustachio (D:4)
  Edmund (D:4)
  2 ogres (D:4)
  A centaur (D:5)
  A phantom (D:4)
  A jelly (D:4)
  4 hounds
  An iguana (D:4)
  6 adders
  2 worms
  5 dart slugs
  11 orcs
  4 ball pythons
  4 bats
  8 endoplasms
  3 giant cockroaches
  11 goblins
  3 hobgoblins
  5 jackals
  3 quokkas (D:3)
  3 frilled lizards
  5 kobolds
  8 rats
93 creatures vanquished.

Notes
Turn   | Place    | Note
-------+----------+-------------------------------------------
     0 | D:1      | RepHenryClay the Deep Elf Earth Elementalist began the
                  | quest for the Orb.
     0 | D:1      | Reached XP level 1. HP: 10/10 MP: 6/6
   154 | D:1      | Reached XP level 2. HP: 15/15 MP: 6/8
   163 | D:1      | Reached skill level 4 in Earth Magic
   961 | D:2      | Reached XP level 3. HP: 11/19 MP: 9/9
  1181 | D:2      | Reached skill level 5 in Earth Magic
  1470 | D:2      | Reached XP level 4. HP: 23/24 MP: 7/10
  1494 | D:2      | Found a faded altar of an unknown god.
  1629 | D:2      | Found a sparkling altar of Nemelex Xobeh.
  1833 | D:3      | Reached skill level 6 in Earth Magic
  2193 | D:3      | Noticed Ijyb
  2416 | D:4      | Reached XP level 5. HP: 10/28 MP: 11/11
  2599 | D:4      | Found a runed translucent door.
  2600 | D:4      | Noticed Crazy Yiuf
  2654 | D:4      | Reached skill level 7 in Earth Magic
  2676 | D:4      | Learned a level 3 spell: Stone Arrow
  2702 | D:4      | Noticed Eustachio
  2858 | D:4      | Killed Eustachio
  2859 | D:4      | Reached XP level 6. HP: 18/32 MP: 0/12
  3145 | D:4      | Reached XP level 7. HP: 36/36 MP: 10/13
  3276 | D:4      | Reached skill level 5 in Dodging
  3285 | D:4      | Noticed Edmund
  3383 | D:4      | Killed Edmund
  3384 | D:4      | Reached skill level 5 in Transmutations
  3705 | D:5      | Entered Level 5 of the Dungeon
  3721 | D:5      | Slain by a phantom

Illustrated notes

Levels and vault maps discovered:
D:1:      dpeg_arrival_concentric_ovals, layout_basic, fountainhead,
          nicolae_wormholes
D:2:      layout_basic, basic_altar,
          dreamdust_ecumenical_altar_hidden_monk_grotto
D:3:      layout_basic, st_stairs_4, corexii_item_surrounded_by_moat,
          serial_bayou_crossing, uniq_ijyb
D:4:      layout_rooms, uniq_crazy_yiuf_cottage, uniq_edmund, uniq_eustachio
D:5:      layout_basic, nicolae_gozag_cash_rules_everything_around_me,
          ashenzari_altar_1, kennysheep_little_box, serial_shops,
          nicolae_take_the_stairs, hex_intersection

Skill      XL: |  1  2  3  4  5  6  7 |
---------------+----------------------+-----
Earth Magic    | 4 5 6 7 |  7.0
Dodging        | 3 4 6 |  6.0
Transmutations | 2 3 5 |  5.0
Conjurations   | 2 |  2.1
Stealth        | |  2.4
Spellcasting   | |  3.0

Action                     |  1- 3 |  4- 6 |  7- 9 || total
---------------------------+-------+-------+-------++-------
  Melee: Dagger            |    33 |    43 |     2 ||    78
         Punch             |     1 |       |       ||     1
   Cast: Sandblast         |    28 |    51 |    22 ||   101
         Stone Arrow       |       |     4 |     7 ||    11
    Use: Scroll            |       |     4 |     2 ||     6
         Potion            |       |     1 |     1 ||     2
   Stab: Sleeping          |     4 |     1 |       ||     5
 Armour: Robe              |    22 |    43 |    13 ||    78
         Skin              |       |     6 |       ||     6
  Dodge: Dodged            |    23 |    46 |    18 ||    87

Table legend: (Time is in decaauts)
 A = Elapsed time spent in this place.
 B = Non-inter-level travel time spent in this place.
 C = Inter-level travel time spent in this place.
 D = Time resting spent in this place.
 E = Time spent auto-exploring this place.
 F = Levels seen in this place.
 G = Mean time per level.
                   A        B        C        D        E       F      G
               +--------+--------+--------+--------+--------+-----+--------+
         Total |   3785 |   3671 |    114 |    392 |   2614 |   5 |  757.0 |
       Dungeon |   3785 |   3671 |    114 |    392 |   2614 |   5 |  757.0 |
               +--------+--------+--------+--------+--------+-----+--------+

Top non-repeatable levels by time:
     D:4: 1134 daAuts
     D:2: 956 daAuts
     D:1: 913 daAuts
     D:3: 762 daAuts
     D:5: 18 daAuts
